 Dungeon Crawl Stone Soup version 0.30-a0-639-g3916f1956a (webtiles) character file.

Game seed: 502939907089393148

2802 NinjaNoafa the Frost Mage (level 9, -1/61 HPs)
             Began as an Octopode Ice Elementalist on Jan 15, 2023.
             Was an Initiate of Ashenzari.
             Slain by a gnoll
             ... wielding a +3 whip
             ... led by a gnoll bouda
              (9 damage)
             ... on level 7 of the Dungeon.
             The game lasted 00:23:04 (7852 turns).

NinjaNoafa the Frost Mage (OpIE)                    Turns: 7852, Time: 00:23:05

Health: -1/61      AC:  1    Str:  7    XL:     9   Next: 71%
Magic:  17/19      EV: 13    Int: 21    God:    Ashenzari [......]
Gold:   41         SH:  0    Dex: 13    Spells: 8/22 levels left

rFire   . . .      SeeInvis .    t - +3 flail (protect)
rCold   . . .      Faith    .    (no shield)
rNeg    . . .      Spirit   .    (helmet restricted)
rPois   .          Reflect  .    q - amulet of regeneration
rElec   .          Harm     .    k - ring of the Wild Blue Yonder {Fly, Fort, Self} (curse)
rCorr   .          Rampage  .    (no ring)
Will    .....                    (no ring)
Stlth   ++++                     (no ring)
HPRegen 1.10/turn                (no ring)
MPRegen 0.16/turn                (no ring)
                                 (no ring)
                                 (no ring)

@: weakened, flying, hasted, very quick
A: almost no armour, amphibious, 8 rings, camouflage 1, gelatinous body 1,
(nimble swimmer 1), tentacles
a: Renounce Religion, Curse Item, Shatter the Chains


You were on level 7 of the Dungeon.
You worshipped Ashenzari.
Ashenzari was noncommittal.
You visited 1 branch of the dungeon, and saw 7 of its levels.
You also visited: Sewer and Ossuary.

You collected 261 gold pieces.
You spent 220 gold pieces at shops.

Inventory:

Hand Weapons
 c - a +2 scythe
 t - a +3 flail of protection (weapon)
Missiles
 f - 5 curare-tipped darts
 i - 2 throwing nets
 m - 15 poisoned darts
 n - 12 boomerangs
Magical Staves
 D - a staff of fire
Jewellery
 k - the cursed ring of the Wild Blue Yonder (left tentacle) {Fly, Fort, Self}
   (You found it on level 1 of the Dungeon)

   [ring of flight]

   Fly:       It grants you flight.
   It has a curse which improves the following skills: Fortitude: Shields.
   Introspection: Fighting and Spellcasting.
 q - an amulet of regeneration (around mantle)
Wands
 a - a wand of flame (26)
 B - a wand of charming (9)
Scrolls
 b - a scroll of summoning
 e - 3 scrolls of enchant armour {unknown}
 g - 4 scrolls of teleportation {unknown}
 h - 3 scrolls of amnesia {unknown}
 j - a scroll of blinking {unknown}
 l - 2 scrolls of noise {unknown}
 o - 2 scrolls of fog {unknown}
 v - 3 scrolls of poison {unknown}
 y - 2 scrolls of vulnerability {unknown}
 A - 3 scrolls of immolation
 C - 2 scrolls of identify
 E - a scroll of fear {unknown}
Potions
 d - 3 potions of mutation
 p - 2 potions of attraction
 s - 3 potions of degeneration {unknown}
 u - 3 potions of heal wounds {unknown}
 w - 2 potions of ambrosia {unknown}
 x - 3 potions of flight {unknown}
 z - 2 potions of cancellation {unknown}
 F - 2 potions of might {unknown}


   Skills:
 - Level 4.5(5.0) Fighting
 - Level 3.0 Dodging
 - Level 5.0 Stealth
 - Level 6.5(7.0) Spellcasting
 - Level 5.0 Conjurations
 + Level 3.3 Summonings
 - Level 8.0 Ice Magic


You had 8 spell levels left.
You knew the following spells:

 Your Spells              Type           Power      Damage    Failure   Level
a - Freeze                Ice            100%       1d10      1%          1
b - Frozen Ramparts       Ice            80%        1d13      1%          3
c - Ozocubu's Armour      Ice            40%        N/A       1%          3
d - Hailstorm             Conj/Ice       34%        3d9       1%          3
e - Summon Ice Beast      Ice/Summ       31%        N/A       9%          4

Your spell library contained the following spells:

 Spells                   Type           Power      Damage    Failure   Level
 Magic Dart               Conj           100%       1d8       1%          1
 Call Imp                 Summ           21%        N/A       3%          2
 Mephitic Cloud           Conj/Pois/Air  14%        N/A       14%         3


Dungeon Overview and Level Annotations

Branches:
Dungeon (7/15)              Sewer (visited)         Ossuary (visited)
 Temple: D:4-7

Altars:
Ashenzari
Cheibriados
Fedhas
Gozag
Hepliaklqana
Kikubaaqudgha
Qazlal
Ru
Trog
Uskayaw
Xom
The Shining One

Shops:
D:2 ?   D:6 :

Annotations:
D:7 3 runed translucent doors, browni3141's ghost, novice KoBr


Innate Abilities, Weirdness & Mutations

You cannot wear most types of armour.
You are amphibious.
You can wear up to eight rings at the same time.
Your skin changes colour to match your surroundings (Stealth+).
Your rubbery body absorbs attacks. (AC +1, EV +1)
((You are camouflaged when in or above water. (Stealth+)))
You have tentacles for arms and can constrict up to eight enemies at once.


Message History

Casting: Hailstorm (safe; 1% risk of failure)
Press: ? - help, Dir - look around, f - activate
Okay, then.
The gnoll hits you with a +0 flail.
A kobold comes into view. It is wielding a +0 short sword.
Casting: Hailstorm (safe; 1% risk of failure)
Confirm with . or Enter, or press ? or * to list all spells.
Casting: Hailstorm (safe; 1% risk of failure)
Press: ? - help, Dir - look around, f - activate A cannonade of hail descends around you!
The hail pelts the gnoll!
You kill the gnoll!
The hail pelts the gnoll!
The gnoll is almost dead.
The hail misses the gnoll.
The gnoll hits you with a +0 flail.
The gnoll bouda calls upon its god to heal the gnoll.
The gnoll is healed somewhat.
You see here a +0 ring mail.
The gnoll hits you with a +0 flail! The gnoll barely misses you.
The gnoll bouda barks out a call to the hunt!
The gnolls pick up the pace!
The gnoll hits you with a +3 whip.
You hear a shout!
The gnoll attacks as you move away! The gnoll misses you.
The gnoll hits you from afar with a +0 spear!
The gnoll hits you with a +0 flail.
The gnoll bouda gazes fiercely through you!
You feel your attacks grow feeble. The gnoll misses you.
The gnoll attacks as you move away! The gnoll hits you with a +0 flail!
The gnoll hits you with a +3 whip.
* * * LOW HITPOINT WARNING * * *
You feel yourself speed up. The gnoll closely misses you.
The gnoll hits you with a +0 flail!
* * * LOW HITPOINT WARNING * * *
The gnoll closely misses you.
The gnoll bouda gazes fiercely through you!
You feel as though you will be weak longer.
The gnoll hits you with a +3 whip!
You die...

.## ##....................
.... ...........#.........
.... ..........##......#
#..# ##.................##
##.###...........!).......
#...#...#.......K.........
..........##....Kgg...##
....#...........gg...##
....####..###.##@g....#
.....# #.###.............
.######### #.#............
.# Z#.#.. ..##.#.........
.# .$$$.##### ..#.......##
.# ......# ...........#
.##.W...## ...........##
.#.....ZZ# .... ......#
.###+++###


You could see a gnoll bouda, 4 gnolls and 2 kobolds.

Vanquished Creatures
  Sigmund (D:2)
  Menkaure (Ossuary)
  A water moccasin (D:5)
  2 ice beasts (D:5)
  4 black bears
  An ogre (D:6)
  A phantom (D:4)
  A kobold brigand (D:6)
  5 scorpions
  A gnoll sergeant (D:5)
  4 wights (D:6)
  2 howler monkeys
  2 jellies
  3 orc priests
  4 hounds
  Natasha (thrice) (D:2)
  2 iguanas
  7 orc wizards
  A hell rat (Sewer)
  3 mummies (Ossuary)
  Robin (D:4)
  11 gnolls
  5 adders
  A river rat (Sewer)
  2 worms
  2 dart slugs
  18 orcs
  8 bats
  3 bat zombies (D:5)
  4 endoplasms
  6 giant cockroaches
  4 gnoll zombies (Ossuary)
  18 hobgoblins
  7 jackals
  12 kobolds
  6 quokkas
  7 ball pythons
  3 frilled lizards
  2 gnoll skeletons (Ossuary)
  16 goblins
  6 goblin skeletons (Ossuary)
  6 goblin zombies (Ossuary)
  3 hobgoblin skeletons (Ossuary)
  5 hobgoblin zombies (Ossuary)
  3 kobold skeletons (Ossuary)
  4 kobold zombies (Ossuary)
  9 orc skeletons (Ossuary)
  3 orc zombies (Ossuary)
  14 rats
  2 rat skeletons (Ossuary)
  4 rat zombies
244 creatures vanquished.

Vanquished Creatures (collateral kills)
  2 river rats (Sewer)
  A kobold (D:6)
  4 rats (Sewer)
7 creatures vanquished.

Vanquished Creatures (others)
  A goblin (D:4)
1 creature vanquished.

Grand Total: 252 creatures vanquished

Notes
Turn   | Place    | Note
-------+----------+-------------------------------------------
     0 | D:1      | NinjaNoafa the Octopode Ice Elementalist began the quest
                  | for the Orb.
     0 | D:1      | Reached XP level 1. HP: 11/11 MP: 3/3
   306 | D:1      | Reached XP level 2. HP: 17/17 MP: 3/5
   671 | D:1      | Reached XP level 3. HP: 21/21 MP: 5/7
   773 | D:1      | Learned a level 3 spell: Frozen Ramparts
   777 | D:1      | Learned a level 3 spell: Ozocubu's Armour
  1038 | D:1      | Found a faded altar of an unknown god.
  1505 | D:2      | Noticed Natasha
  1513 | D:2      | Killed Natasha
  1514 | D:2      | Reached XP level 4. HP: 27/27 MP: 3/9
  1647 | D:2      | Noticed Natasha
  1649 | D:2      | Noticed Sigmund
  1664 | D:2      | Killed Natasha
  1683 | D:2      | Killed Sigmund
  1684 | D:2      | Reached skill level 5 in Ice Magic
  1684 | D:2      | Reached XP level 5. HP: 17/31 MP: 6/11
  1684 | D:2      | Reached XP level 6. HP: 20/36 MP: 6/12
  1952 | D:2      | Found The Oracle's Delphic Readings.
  1956 | D:2      | Bought a scroll of identify for 20 gold pieces
  1956 | D:2      | Bought a scroll of identify for 20 gold pieces
  1979 | D:2      | Found a blossoming altar of Fedhas.
  2309 | D:3      | Reached skill level 6 in Ice Magic
  2526 | D:3      | Reached skill level 5 in Spellcasting
  2594 | D:3      | Found a sacrificial altar of Ru.
  2617 | D:3      | Reached XP level 7. HP: 17/41 MP: 7/14
  3044 | D:3      | Learned a level 3 spell: Hailstorm
  3237 | D:3      | Found a hazy altar of Hepliaklqana.
  3292 | D:3      | Found a glowing golden altar of the Shining One.
  3377 | D:4      | Noticed Robin
  3380 | D:4      | Found a broken altar of Ashenzari.
  3389 | D:4      | Killed Robin
  3421 | D:4      | Reached skill level 1 in Conjurations
  3434 | D:4      | Became a worshipper of Ashenzari the Shackled
  3501 | D:4      | Found a sand-covered staircase.
  3510 | Ossuary  | Entered an ossuary
  3950 | Ossuary  | Noticed Menkaure
  3959 | Ossuary  | Killed Menkaure
  3960 | Ossuary  | Reached XP level 8. HP: 19/46 MP: 0/16
  4256 | D:4      | Reached skill level 7 in Ice Magic
  4493 | D:4      | Found a snail-covered altar of Cheibriados.
  4570 | D:4      | Learned a level 4 spell: Summon Ice Beast
  4642 | D:4      | Found a bloodstained altar of Trog.
  5044 | D:5      | Entered Level 5 of the Dungeon
  5093 | D:5      | Reached skill level 8 in Ice Magic
  5154 | D:5      | Reached skill level 1 in Fighting
  5231 | D:5      | Reached XP level 9. HP: 58/58 MP: 10/19
  5370 | D:5      | Found a stormy altar of Qazlal.
  5384 | D:5      | Found a hide-covered altar of Uskayaw.
  6137 | D:2      | Noticed Natasha
  6139 | D:2      | Killed Natasha
  6150 | D:2      | Bought a book of Minor Magic for 180 gold pieces
  6530 | D:5      | Found an ancient bone altar of Kikubaaqudgha.
  6783 | D:6      | Found a shimmering altar of Xom.
  6872 | D:6      | Found a glowing drain.
  6897 | Sewer    | Entered a sewer
  7033 | D:6      | Reached skill level 5 in Stealth
  7111 | D:6      | Reached skill level 1 in Summonings
  7282 | D:6      | Reached skill level 5 in Conjurations
  7299 | D:6      | Found an opulent altar of Gozag.
  7628 | D:6      | Found Tishrutzo's Vocational Training.
  7808 | D:7      | Noticed browni3141's ghost (novice KoBr)
  7808 | D:7      | Noticed a spectral unseen horror
  7808 | D:7      | Noticed a spectral unseen horror
  7808 | D:7      | Found a runed translucent gate.
  7808 | D:7      | Found a runed translucent gate.
  7808 | D:7      | Found a runed translucent gate.
  7852 | D:7      | Slain by a gnoll

Illustrated notes

Levels and vault maps discovered:
D:1:      dpeg_arrival_windows_large_door, layout_basic,
          shapermc_ecumenical_altar_petra, st_stairs_1
D:2:      layout_basic, basic_altar, corexii_hall_statues_x,
          nicolae_nh_oracle_at_delphi, uniq_natasha, uniq_sigmund
D:3:      layout_loops_ring, amethyst_overflow_temple_binary,
          mainiacjoe_overflow_concentric_impassable
D:4:      layout_basic, trog_hazing_becter, chei_slow_surprise,
          evilmike_ruin_ashenzari, enter_ossuary_2, reono_crystal_passage,
          kennysheep_orc_chapel, uniq_robin
D:5:      layout_basic, mainiacjoe_overflow_surrounded_room,
          lemuel_zombie_altar_kikubaaqudgha,
          nicolae_uskayaw_murder_on_the_dancefloor,
          amcnicky_mini_corridor_feature
D:6:      layout_loops_corners, kennysheep_little_box, general_overflow_altar,
          portal_sewer_entry_f, nicolae_shop_vocational
D:7:      layout_cave_pools, minmay_temple_entry_tees,
          gammafunk_ghost_necromancy, uniq_menkaure

Skill      XL: |  1  2  3  4  5  6  7  8  9 |
---------------+----------------------------+-----
Spellcasting   | 3 4 5 6 |  6.5
Ice Magic      | 5 6 8 |  8.0
Conjurations   | 3 4 5 |  5.0
Fighting       | 3 4 |  4.5
Dodging        | 3 |  3.0
Stealth        | 5 |  5.0
Summonings     | 3 |  3.3

Action                   |  1- 3 |  4- 6 |  7- 9 || total
-------------------------+-------+-------+-------++-------
Melee: Unarmed           |    10 |       |       ||    10
       Tentacles         |     4 |     6 |    48 ||    58
       Constrict         |     6 |     8 |    60 ||    74
       Dagger            |    16 |     9 |       ||    25
       Halberd           |       |    36 |    18 ||    54
       Flail             |       |       |   216 ||   216
       Punch             |       |       |     5 ||     5
 Cast: Freeze            |    49 |    14 |    35 ||    98
       Frozen Ramparts   |     2 |     8 |    39 ||    49
       Ozocubu's Armour  |     2 |     5 |     6 ||    13
       Hailstorm         |       |       |    12 ||    12
       Summon Ice Beast  |       |       |     3 ||     3
Invok: Curse Item        |       |       |     1 ||     1
  Use: Potion            |       |     4 |     1 ||     5
       Scroll            |       |     6 |     3 ||     9
 Stab: Sleeping          |     1 |     3 |    12 ||    16
Armor: Skin              |    10 |    26 |    87 ||   123
Dodge: Dodged            |    53 |    45 |   256 ||   354

Table legend: (Time is in decaauts)
 A = Elapsed time spent in this place.
 B = Non-inter-level travel time spent in this place.
 C = Inter-level travel time spent in this place.
 D = Time resting spent in this place.
 E = Time spent auto-exploring this place.
 F = Levels seen in this place.
 G = Mean time per level.
                   A        B        C        D        E       F      G
               +--------+--------+--------+--------+--------+-----+--------+
         Total |   7962 |   7334 |    628 |     14 |   5705 |   9 |  884.7 |
       Dungeon |   7195 |   6567 |    628 |     14 |   5239 |   7 | 1027.9 |
         Sewer |     88 |     88 |      0 |      0 |     28 |   1 |   88.0 |
       Ossuary |    677 |    677 |      0 |      0 |    438 |   1 |  677.0 |
               +--------+--------+--------+--------+--------+-----+--------+

Top non-repeatable levels by time:
     D:5: 1406 daAuts
     D:1: 1281 daAuts
     D:3: 1164 daAuts
     D:4: 1143 daAuts
     D:6: 1125 daAuts
     D:2: 1029 daAuts
 Ossuary: 677 daAuts
   Sewer: 88 daAuts
     D:7: 45 daAuts
